 Dungeon Crawl Stone Soup version 0.30-a0-912-ge10d75a369 (webtiles) character file.

Game seed: 8050505747995729903

49 Grim the Grave Robber (level 3, -1/19 HPs)
             Began as a Deep Elf Necromancer on Mar 19, 2023.
             Slain by a kobold
             ... wielding a +0 short sword
              (2 damage)
             ... on level 2 of the Dungeon.
             The game lasted 00:03:04 (1450 turns).

Grim the Grave Robber (Deep Elf Necromancer)        Turns: 1450, Time: 00:03:04

Health: -1/19      AC:  6    Str:  7    XL:     3   Next: 51%
Magic:  3/9        EV: 12    Int: 19    God:
Gold:   52         SH:  0    Dex: 15    Spells: 7/8 levels left

rFire   . . .      SeeInvis .    c - +0 dagger
rCold   . . .      Faith    .    (no shield)
rNeg    . . .      Spirit   .    a - +0 robe
rPois   .          Reflect  .    (no helmet)
rElec   .          Rampage  .    (no cloak)
rCorr   .                        (no gloves)
Will    .....                    (no boots)
Stlth   ++                       (no amulet)
HPRegen 0.23/turn                i - +4 ring of protection
MPRegen 0.11/turn                (no ring)

@: no status effects
A: no striking features
a: no special abilities


You were on level 2 of the Dungeon.
You visited 1 branch of the dungeon, and saw 2 of its levels.

You collected 52 gold pieces.

Inventory:

Hand Weapons
 c - a +0 dagger (weapon)
Armour
 a - a +0 robe (worn)
Jewellery
 i - a +4 ring of protection (left hand)
Scrolls
 d - a scroll of identify {unknown}
 e - a scroll of teleportation {unknown}
 f - a scroll of fear {unknown}
 g - a scroll of blinking {unknown}
 h - a scroll of fog {unknown}
 l - a scroll of magic mapping {unknown}
Potions
 b - a potion of magic
 j - 2 potions of lignification {unknown}
 k - a potion of curing {unknown}


   Skills:
 * Level 2.5 Short Blades
 - Level 2.4 Dodging
 - Level 2.4 Stealth
 - Level 3.0 Spellcasting
 + Level 5.4 Necromancy


You had 7 spell levels left.
You knew the following spells:

 Your Spells              Type           Power      Damage    Failure   Level
a - Necrotise             Necr           92%        1d8       1%          1

Your spell library contained the following spells:

 Spells                   Type           Power      Damage    Failure   Level
 Vampiric Draining        Necr           23%        2d7       4%          3
 Magic Dart               Conj           8%         1d3       16%         1
 Animate Dead             Necr           23%        N/A       16%         4
 Searing Ray              Conj           4%         2d4       22%         2
 Agony                    Necr           23%        N/A       41%         5
 Fulminant Prism          Conj/Hex       1%         3d5       83%         4


Dungeon Overview and Level Annotations

Branches:
Dungeon (2/15)

Altars:
Okawaru

Annotations:
D:2 Sigmund


Message History

The bat completely misses you.
A kobold comes into view. It is wielding a +0 short sword.
Aiming: Necrotise (safe; 1% risk of failure)
Press: ? - help, Q - select action Shift-Dir - straight line, f/p - Sigmund
Aim: Sigmund, wielding a +0 scythe and wearing a +2 robe (severely wounded, chance to affect: 87%) Sigmund barely resists.
The bat hits you but does no damage. x2; Sigmund closely misses you.
The kobold throws a stone.
The stone misses you.
Aiming: Necrotise (safe; 1% risk of failure)
Press: ? - help, Q - select action Shift-Dir - straight line, f/p - Sigmund
Aim: Sigmund, wielding a +0 scythe and wearing a +2 robe (severely wounded, chance to affect: 87%) Sigmund writhes in agony.
The bat barely misses you. Sigmund casts a spell at you.
You are confused.
You bump into the stone wall.
Sigmund misses you. The bat closely misses you.
You bump into the rock wall.
The bat barely misses you.
The kobold throws a stone.
The stone closely misses you.
The stone hits Sigmund.
You bump into the rock wall.
The bat hits you but does no damage. Sigmund barely misses you.
Your magical contamination has completely faded away.
You bump into the rock wall.
Sigmund gestures at you while chanting. The magic dart hits you!
* * * LOW HITPOINT WARNING * * *
The bat hits you but does no damage. The bat closely misses you.
The bat hits you but does no damage.
The kobold throws a stone.
The stone closely misses you. The bat closely misses you.
Sigmund points at you and mumbles some strange words.
The magic dart hits you.
* * * LOW HITPOINT WARNING * * *
Unknown command.
The kobold attacks as you move away! The kobold barely misses you.
You feel less confused. The bat barely misses you.
The kobold attacks as you move away!
The kobold hits you with a +0 short sword.
You die...

#...# #...# ###### ####### #...#
#....# #.....####### #...# #....#
#.....#......
########...###....###.....#...[..
#..........'.@......'............
#....####'####.b..###........[...
#....#.......#.K..# #............
.....#.......#..@.###.#######..##
.....#..#⌠#..#.......>......#..##
.#...#..###..#...........##.#..#.
.###)#..#⌠#..#..<........##.#..#.
..##.#.......#[..........##.#..#.
..##.#.......#...........##.####.
..##.#########...........##......
..##.# ######....##########
.....# #....#


You could see Sigmund, a bat and a kobold.

Vanquished Creatures
  2 adders (D:2)
  A dart slug (D:1)
  6 bats
  2 endoplasms (D:1)
  A giant cockroach (D:2)
  3 goblins
  2 hobgoblins
  2 ball pythons
  A frilled lizard (D:1)
  2 kobolds (D:2)
  5 rats
27 creatures vanquished.

Vanquished Creatures (collateral kills)
  A ball python (D:2)
  2 endoplasms
3 creatures vanquished.

Grand Total: 30 creatures vanquished

Notes
Turn   | Place    | Note
-------+----------+-------------------------------------------
     0 | D:1      | Grim the Deep Elf Necromancer began the quest for the Orb.
     0 | D:1      | Reached XP level 1. HP: 10/10 MP: 6/6
   177 | D:1      | Reached skill level 5 in Necromancy
   233 | D:1      | Found a faded altar of an unknown god.
   269 | D:1      | Reached skill level 1 in Short Blades
   279 | D:1      | Reached XP level 2. HP: 15/15 MP: 6/8
   935 | D:2      | Reached XP level 3. HP: 19/19 MP: 5/9
  1235 | D:2      | Found an iron altar of Okawaru.
  1381 | D:2      | Noticed Sigmund
  1450 | D:2      | Slain by a kobold

Illustrated notes

Levels and vault maps discovered:
D:1:      amcnicky_arrival_single_pillar, layout_basic,
          hellmonk_ecumenical_altar_run_dry
D:2:      layout_basic, basic_altar, kennysheep_generic_room_11, uniq_sigmund

Skill      XL: |  1  2 |
---------------+-------+-----
Necromancy     | 5 |  5.4
Short Blades   | 1 2 |  2.5
Dodging        | |  2.4
Stealth        | |  2.4
Spellcasting   | |  3.0

Action                     || total
---------------------------++-------
  Melee: Dagger            ||    16
   Cast: Necrotise         ||    39
   Stab: Sleeping          ||     5
 Armour: Robe              ||    17
  Dodge: Dodged            ||    27

Table legend: (Time is in decaauts)
 A = Elapsed time spent in this place.
 B = Non-inter-level travel time spent in this place.
 C = Inter-level travel time spent in this place.
 D = Time resting spent in this place.
 E = Time spent auto-exploring this place.
 F = Levels seen in this place.
 G = Mean time per level.
                   A        B        C        D        E       F      G
               +--------+--------+--------+--------+--------+-----+--------+
         Total |   1448 |   1361 |     87 |    336 |    803 |   2 |  724.0 |
       Dungeon |   1448 |   1361 |     87 |    336 |    803 |   2 |  724.0 |
               +--------+--------+--------+--------+--------+-----+--------+

Top non-repeatable levels by time:
     D:1: 928 daAuts
     D:2: 519 daAuts
